 Dungeon Crawl Stone Soup version 0.19.1-1-g22dce08 (webtiles) character file.

30 Alarkh the Chopper (level 3, 24/27 HPs)
             Began as a Draconian Monk on Jan 3, 2017.
             Was a Believer of Hepliaklqana.
             Got out of the dungeon alive.
             The game lasted 00:01:30 (593 turns).

Alarkh the Chopper (Draconian Monk)                  Turns: 593, Time: 00:01:30

Health: 24/27      AC:  5    Str: 13    XL:     3   Next: 3%
Magic:  3/3        EV: 13    Int: 11    God:    Hepliaklqana [**....]
Gold:   35         SH:  0    Dex: 13    Spells: 0 memorised, 2 levels left

rFire  . . .     SeeInvis .     a - +0 hand axe
rCold  . . .     Gourm    .     (armour unavailable)
rNeg   . . .     Faith    .     (no shield)
rPois  .         Spirit   .     (helmet restricted)
rElec  .         Reflect  .     (no cloak)
rCorr  .         Harm     .     (no gloves)
MR     .....                    (no boots)
Stlth  +.........               (no amulet)
                                (no ring)
                                k - ring of loudness (curse)

@: no status effects
A: unfitting armour, reduced essence, cold-blooded, AC +5
a: Ancestor Life: Knight, Ancestor Life: Battlemage, Ancestor Life: Hexer,
Recall Ancestor, Ancestor Identity, Renounce Religion


You escaped.
You worshipped Hepliaklqana.
Hepliaklqana was pleased with you.
You were not hungry.

You visited 1 branch of the dungeon, and saw 2 of its levels.

You collected 35 gold pieces.

Inventory:

Hand Weapons
 a - a +0 hand axe (weapon)
Jewellery
 k - a cursed ring of loudness (left hand)
Scrolls
 e - a scroll of fear {unknown}
 f - a scroll of identify {unknown}
 g - 2 scrolls of enchant armour {unknown}
 h - a scroll of magic mapping {unknown}
 j - a scroll of fog {unknown}
 l - a scroll of random uselessness {unknown}
Potions
 i - a potion of heal wounds {unknown}
 n - a potion of degeneration {unknown}
Comestibles
 b - a bread ration
 c - 2 meat rations
 d - 4 chunks of flesh
 m - a royal jelly


   Skills:
 - Level 3.2 Fighting
 + Level 4.2 Axes
 - Level 2.6 Dodging
 - Level 1.7 Stealth


You had 2 spell levels left.
You didn't know any spells.

Dungeon Overview and Level Annotations

Branches:
Dungeon (2/15)

Altars:
Hepliaklqana

Annotations:
D:1 1 runed door


Innate Abilities, Weirdness & Mutations

Your plain brown scales are hard. (AC +5)
You cannot fit into any form of body armour.
You are cold-blooded and may be slowed by cold attacks.
Your life essence is reduced. (-10% HP)


Message History

You see here a worm corpse.
There is a faded altar of an unknown god here.
You cannot tell which god this altar belongs to.
Convert to them anyway?
Hepliaklqana accepts your prayer! Hepliaklqana welcomes you!
You may now remember your ancestor's life.
Hepliaklqana forms a fragment of your life essence into the memory of your ancestor, Esmond!
You can now recall your ancestor.
You can now remember your ancestor's identity.
Okay, then.
You swap places.
You open the door.
There is an open door here.
There is a stone staircase leading up here.
You climb upwards.
Level annotation: 1 runed door
There is a stone staircase leading down here.
There is a staircase leading out of the dungeon here.
Are you sure you want to leave the Dungeon?
This will make you lose the game!
You have escaped!

##### #...#####
################## ####.......#
#.................
....#.#.##.#####.................
....#....................########
....##.#.###+#######'###.# #
....##.#.#..⌠...>R..⌠..#.# #
....##.#.#......@......#.# #
....##.#.'⌠....###....⌠+.# #
##.......#.............#.## #
#.....#.#######+#######..# #
##......#.hhrJrJJ...h.#..# #
####...#...rhJr......#..# #
#...#..%..........#..# #
#(..###############..# #
#....................#######


You could see the friendly Esmond the ancestor and a jackal.

Vanquished Creatures
  A worm (D:2)
  A dart slug (D:1)
  2 leopard geckos (D:1)
  3 goblins (D:1)
  3 hobgoblins (D:1)
  3 jackals (D:1)
  2 kobolds (D:1)
  A bat (D:2)
  A frilled lizard (D:1)
  4 rats (D:1)
21 creatures vanquished.

Notes
Turn   | Place    | Note
-------+----------+-------------------------------------------
     0 | D:1      | Alarkh the Draconian Monk began the quest for the Orb.
     0 | D:1      | Reached XP level 1. HP: 19/19 MP: 1/1
     0 | D:1      | Noticed a jelly
     1 | D:1      | Found a runed door.
   129 | D:1      | Reached XP level 2. HP: 25/26 MP: 2/2
   391 | D:1      | Reached skill level 4 in Axes
   551 | D:2      | Found a faded altar of an unknown god.
   569 | D:2      | Reached XP level 3. HP: 22/31 MP: 3/3
   574 | D:2      | Became a worshipper of Hepliaklqana the Forgotten
   574 | D:2      | Reached * piety under Hepliaklqana
   574 | D:2      | Reached ** piety under Hepliaklqana
   593 | D:$      | Got out of the dungeon alive.

Skill      XL: |  1  2 |
---------------+-------+-----
Axes           | 4 |  4.2
Fighting       | |  3.2
Dodging        | |  2.6
Stealth        | |  1.7

Action                   || total
-------------------------++-------
Melee: Hand axe          ||    82
       Tailslap          ||     9
 Stab: Sleeping          ||     1
Armor: Skin              ||    33
Dodge: Dodged            ||    53
